 Dungeon Crawl Stone Soup version 0.24-a0-630-g0d56a85 (webtiles) character file.

Game seed: 2470035910809345582, levelgen mode: deterministic

137 Dorkslayer the Skirmisher (level 5, -4/55 HPs)
             Began as an Octopode Fighter on Sept 18, 2019.
             Slain by a sky beast (6 damage)
             ... on level 3 of the Dungeon.
             The game lasted 00:08:23 (1747 turns).

Dorkslayer the Skirmisher (Octopode Fighter)        Turns: 1747, Time: 00:08:24

Health: -4/55      AC:  1    Str: 20    XL:     5   Next: 20%
Magic:  5/5        EV: 12    Int: 10    God:
Gold:   186        SH:  9    Dex: 13    Spells: 4/4 levels left

rFire    . . .     SeeInvis .   a - +0 long sword
rCold    . . .     Gourm    .   b - +0 shield
rNeg     . . .     Faith    .   (helmet restricted)
rPois    .         Spirit   .   (no amulet)
rElec    .         Reflect  .   (no ring)
rCorr    .         Harm     .   (no ring)
MR       .....                  (no ring)
Stlth    ..........             (no ring)
HPRegen  0.18/turn              (no ring)
MPRegen  0.09/turn              (no ring)
                                (no ring)
                                (no ring)

@: mighty, berserking (expiring), very quick
A: almost no armour, stealthy swim, amphibious, 8 rings, constrict 8, camouflage
1, gelatinous body 1
a: no special abilities


You were on level 3 of the Dungeon.
You were not hungry.

You visited 1 branch of the dungeon, and saw 3 of its levels.

You collected 186 gold pieces.

Inventory:

Hand Weapons
 a - a +0 long sword (weapon)
Missiles
 e - 4 poisoned darts
 g - 4 boomerangs (quivered)
Armour
 b - a +0 shield (worn)
Scrolls
 h - a scroll of random uselessness {unknown}
 i - 2 scrolls of remove curse {unknown}
 k - 3 scrolls of teleportation {unknown}
 n - a scroll of blinking {unknown}
 o - a scroll of fog {unknown}
 p - a scroll of immolation {unknown}
 q - 3 scrolls of identify {unknown}
 r - a scroll of enchant armour {unknown}
Potions
 j - a potion of berserk rage
 l - a potion of lignification {unknown}
 m - a potion of resistance {unknown}
Comestibles
 d - 8 rations
 f - 4 chunks of flesh


   Skills:
 * Level 4.2 Fighting
 + Level 2.8 Long Blades
 + Level 3.7 Dodging
 + Level 1.7 Stealth
 + Level 3.4 Shields


You had 4 spell levels left.
You didn't know any spells.
Your spell library was empty.

Dungeon Overview and Level Annotations

Branches:
Dungeon (3/15)

Altars:
Qazlal


Innate Abilities, Weirdness & Mutations

You cannot wear most types of armour.
You are very stealthy in the water. (Stealth+)
You are amphibious.
You can wear up to eight rings at the same time.
You can use your tentacles to constrict eight enemies at once.
Your skin changes colour to match your surroundings (Stealth+).
Your rubbery body absorbs attacks. (AC +1, EV +1)


Message History

You block the hobgoblin's attack.
You slash the hobgoblin!
You kill the hobgoblin!
You closely miss something. Something hits you. Something shocks you.
* * * LOW HITPOINT WARNING * * *
You miss something. Something hits you.
* * * LOW HITPOINT WARNING * * *
Something shocks you.
* * * LOW HITPOINT WARNING * * *
You miss something. Your squeeze misses something. Something hits you.
* * * LOW HITPOINT WARNING * * *
Something shocks you.
* * * LOW HITPOINT WARNING * * *
You closely miss something. You squeeze something!
A sky beast appears from thin air!
Reactivating autopickup.
The sky beast hits you.
* * * LOW HITPOINT WARNING * * *
The sky beast shocks you.
You die...

#. #... ##...#.
###.......
###.Yr......
###..@#.......
###...###.......
###...###
####### ##...###
#..### #.## #.#
#.# #.#


You could see a sky beast and a rat.

Vanquished Creatures
  3 adders
  4 gnolls (D:2)
  An ooze (D:3)
  2 worms (D:3)
  3 dart slugs (D:1)
  2 orcs (D:3)
  A ball python (D:1)
  A giant cockroach (D:1)
  8 goblins
  5 hobgoblins
  5 jackals (D:1)
  A quokka (D:2)
  6 bats
  3 frilled lizards
  8 kobolds
  5 rats
58 creatures vanquished.

Vanquished Creatures (others)
  5 toadstools (D:1)
5 creatures vanquished.

Grand Total: 63 creatures vanquished

Notes
Turn   | Place    | Note
-------+----------+-------------------------------------------
     0 | D:1      | Dorkslayer the Octopode Fighter began the quest for the
                  | Orb.
     0 | D:1      | Reached XP level 1. HP: 16/16 MP: 1/1
     1 | D:1      | Noticed an electric eel
   147 | D:1      | Reached XP level 2. HP: 21/21 MP: 2/2
   455 | D:1      | Reached XP level 3. HP: 15/26 MP: 3/3
   869 | D:2      | Found a faded altar of an unknown god.
  1188 | D:2      | Reached XP level 4. HP: 26/33 MP: 4/4
  1192 | D:2      | Reached skill level 4 in Fighting
  1192 | D:2      | Reached skill level 1 in Stealth
  1556 | D:3      | Reached XP level 5. HP: 17/37 MP: 5/5
  1618 | D:3      | Found a stormy altar of Qazlal.
  1730 | D:3      | Noticed a sky beast
  1747 | D:3      | HP: 2/55 [sky beast (2)]
  1747 | D:3      | Slain by a sky beast

Levels and vault maps discovered:
D:1:      arrival_aquarium_a, layout_basic, minmay_gold_behind_fungi
D:2:      layout_loops_ring, chequers_ecumenical_altar_island
D:3:      layout_rooms, led_sif_pool, first_ration, roderic_lattice_a,
          hangedman_decor_riveting, nicolae_qazlal_eye_of_the_storm

Skill      XL: |  1  2  3  4 |
---------------+-------------+-----
Fighting       | 4 |  4.2
Stealth        | 1 |  1.7
Long Blades    | |  2.8
Dodging        | |  3.7
Shields        | |  3.4

Action                   |  1- 3 |  4- 6 || total
-------------------------+-------+-------++-------
Melee: Long sword        |    67 |    40 ||   107
       Constrict         |    22 |     9 ||    31
       Tentacles         |    11 |     8 ||    19
Throw: Boomerang         |       |     1 ||     1
  Use: Potion            |     1 |     3 ||     4
 Stab: Sleeping          |     4 |     4 ||     8
       Distracted        |     1 |       ||     1
  Eat: Chunk             |     1 |     2 ||     3
Armor: Skin              |     5 |     1 ||     6
Dodge: Dodged            |    36 |    11 ||    47
Block: Shield            |    31 |    16 ||    47
       Rpst.: Long sword |    16 |     3 ||    19

Table legend:
 A = Non-vault XP
 B = Vault XP
 C = Vault XP percentage of total XP
 D = Non-vault monster count
 E = Vault monster count
 F = Vault count percentage of total count
                 A         B        C        D         E       F
            +---------+---------+-------+---------+---------+-------
      Total |     197 |       0 |   0.0 |      58 |       0 |   0.0
            +---------+---------+-------+---------+---------+-------
        D:1 |      53 |       0 |   0.0 |      28 |       0 |   0.0
        D:2 |      82 |       0 |   0.0 |      15 |       0 |   0.0
        D:3 |      62 |       0 |   0.0 |      15 |       0 |   0.0
            +---------+---------+-------+---------+---------+-------
